 Seeded DCSS version 0.28-a0-794-gafe8c5f9e9 (webtiles) character file.

Game seed: 20211105 (custom seed)

4 a11behringer the Vexing (level 1, -1/19 HPs)
             Began as an Ogre Arcane Marksman on Nov 5, 2021.
             Slain by a frilled lizard (2 damage)
             ... on level 1 of the Dungeon.
             The game lasted 00:01:10 (131 turns).

a11behringer the Vexing (Ogre Arcane Marksman)       Turns: 131, Time: 00:01:10

Health: -1/19      AC:  3    Str: 13    XL:     1   Next: 60%
Magic:  2/2        EV:  9    Int: 14    God:
Gold:   6          SH:  0    Dex:  9    Spells: 1/2 levels left

rFire   . . .      SeeInvis .   d - +0 whip
rCold   . . .      Faith    .   (no shield)
rNeg    . . .      Spirit   .   a - +0 robe
rPois   .          Reflect  .   (helmet restricted)
rElec   .          Harm     .   (no cloak)
rCorr   .          Rampage  .   (gloves unavailable)
Will    .....                   (boots unavailable)
Stlth   +.........              (no amulet)
HPRegen 0.06/turn               (no ring)
MPRegen 0.08/turn               (no ring)

@: no status effects
A: large, unfitting armour, tough skin 1
a: no special abilities


You were on level 1 of the Dungeon.
You visited 1 branch of the dungeon, and saw 1 of its levels.

You collected 6 gold pieces.

Inventory:

Hand Weapons
 d - a +0 whip (weapon)
Missiles
 b - 4 large rocks (quivered)
 c - 2 throwing nets
Armour
 a - a +0 robe (worn)


   Skills:
 + Level 1.3 Fighting
 + Level 2.0 Throwing
 + Level 1.7 Dodging
 * Level 1.2 Spellcasting
 + Level 3.0 Hexes


You had one spell level left.
You knew the following spells:

 Your Spells              Type           Power      Damage    Failure   Level
a - Slow                  Hex            36%        N/A       8%          1

Your spell library contained the following spells:

 Spells                   Type           Power      Damage    Failure   Level
 Inner Flame              Hex/Fire       5%         N/A       38%         3
 Portal Projectile        Hex/Tloc       10%        N/A       38%         3
 Cause Fear               Hex            4%         N/A       58%         4


Dungeon Overview and Level Annotations

Branches:
Dungeon (1/15)

Altars:


Innate Abilities, Weirdness & Mutations

You are too large for most types of armour.
You have tough skin. (AC +1)


Message History

You closely miss the bat. The bat misses you.
You hit the endoplasm but do no damage. The bat hits you.
The endoplasm barely misses you. The hobgoblin hits you.
You hit the endoplasm.
The endoplasm is severely wounded.
The bat barely misses you. x2
The endoplasm hits you but does no damage.
The hobgoblin hits you. The endoplasm freezes you.
You are frozen.
The bat hits you. The bat hits you but does no damage.
The bat hits you but does no damage. The bat hits you but does no damage.
The endoplasm jiggles.
The bat hits you. The bat hits you but does no damage. x2
The bat hits you but does no damage. The bat hits you.
You hit the bat but do no damage. The bat hits you.
You closely miss the hobgoblin.
The hobgoblin hits you but does no damage.
You hit the hobgoblin but do no damage. The bat hits you.
The bat completely misses you. The hobgoblin hits you.
* * * LOW HITPOINT WARNING * * *
You hit the hobgoblin.
The hobgoblin is heavily wounded.
The bat hits you but does no damage. The hobgoblin hits you.
* * * LOW HITPOINT WARNING * * *
The hobgoblin barely misses you.
You hit the hobgoblin.
You kill the hobgoblin!
Your Hexes skill increases to level 3!
You hit the endoplasm.
The endoplasm is heavily wounded.
The endoplasm hits you but does no damage.
You hit the endoplasm.
The endoplasm is severely wounded.
The frilled lizard bites you.
You die...

###.....#######'''######
#........##...........#
#......##...........#
#...†...###.......###..
.....##......##'''''##....
### ##................#
#.........(.#.####
####....##l....##
####.J@........
####.....### #.....#
#######


You could see an endoplasm and a frilled lizard.

Vanquished Creatures
  A hobgoblin (D:1)
  A kobold (D:1)
  2 bats (D:1)
4 creatures vanquished.

Notes
Turn   | Place    | Note
-------+----------+-------------------------------------------
     0 | D:1      | a11behringer the Ogre Arcane Marksman began the quest for
                  | the Orb.
     0 | D:1      | Reached XP level 1. HP: 19/19 MP: 2/2
   130 | D:1      | Reached skill level 3 in Hexes
   131 | D:1      | Slain by a frilled lizard

Illustrated notes

Levels and vault maps discovered:
D:1:      lordsloth_arrival_two_stooges, layout_rooms

Skill      XL: |  1 |
---------------+----+-----
Hexes          | 3 |  3.0
Fighting       | |  1.3
Throwing       | |  2.0
Dodging        | |  1.7
Spellcasting   | |  1.2

Action                   || total
-------------------------++-------
Melee: Whip              ||    12
       Unarmed           ||    10
Armor: Robe              ||    25
Dodge: Dodged            ||    14

Table legend: (Time is in decaauts)
 A = Elapsed time spent in this place.
 B = Non-inter-level travel time spent in this place.
 C = Inter-level travel time spent in this place.
 D = Time resting spent in this place.
 E = Time spent auto-exploring this place.
 F = Levels seen in this place.
 G = Mean time per level.
                   A        B        C        D        E       F      G
               +--------+--------+--------+--------+--------+-----+--------+
         Total |    131 |    131 |      0 |      0 |     81 |   1 |  131.0 |
       Dungeon |    131 |    131 |      0 |      0 |     81 |   1 |  131.0 |
               +--------+--------+--------+--------+--------+-----+--------+

Top non-repeatable levels by time:
     D:1: 131 daAuts
